 Dungeon Crawl Stone Soup version 0.26.1-2-gb8aa6d0cf2 (webtiles) character file.

Game seed: 2358562188989500798

42 FishyPogo the Changer (level 3, -8/27 HPs)
             Began as a Merfolk Transmuter on Feb 23, 2021.
             Mangled by Sigmund
             ... wielding a +0 scythe
              (13 damage)
             ... on level 2 of the Dungeon.
             The game lasted 00:06:13 (1557 turns).

FishyPogo the Changer (Merfolk Transmuter)          Turns: 1557, Time: 00:06:14

Health: -8/27      AC:  2    Str: 10    XL:     3   Next: 56%
Magic:  6/6        EV: 13    Int: 13    God:
Gold:   53         SH:  0    Dex: 14    Spells: 4/7 levels left

rFire    . . .     SeeInvis .     - Unarmed
rCold    . . .     Faith    .   (no shield)
rNeg     . . .     Spirit   .   a - +0 robe
rPois    .         Reflect  .   (no helmet)
rElec    .         Harm     .   (no cloak)
rCorr    .         Rampage  .   (no gloves)
Will     .....                  (no boots)
Stlth    +.........             o - amulet of inaccuracy
HPRegen  0.09/turn              (no ring)
MPRegen  0.10/turn              (no ring)

@: no status effects
A: change form in water, swift swim, stealthy swim
a: no special abilities


You were on level 2 of the Dungeon.
You visited 1 branch of the dungeon, and saw 2 of its levels.

You collected 53 gold pieces.

Inventory:

Missiles
 e - 93 stones
Armour
 a - a +0 robe (worn)
 g - a +2 ring mail of fire resistance
Jewellery
 m - an uncursed amulet of guardian spirit
 o - an amulet of inaccuracy (around neck)
Scrolls
 c - 5 scrolls of remove curse
 h - 4 scrolls of identify
 i - a scroll of amnesia
Potions
 b - a potion of heal wounds {unknown}
 d - 2 potions of mutation
 f - 2 potions of magic {unknown}
 j - a potion of curing {unknown}
 l - a potion of invisibility {unknown}
 p - 2 potions of flight {unknown}


   Skills:
 - Level 2.0 Fighting
 - Level 3.0 Dodging
 + Level 3.5 Unarmed Combat
 * Level 2.5 Spellcasting
 * Level 3.5 Transmutations


You had 4 spell levels left.
You knew the following spells:

 Your Spells              Type           Power        Failure   Level
u - Wereblood             Tmut           10%          9%          2
y - Beastly Appendage     Tmut           20%          5%          1

Your spell library contained the following spells:

 Spells                   Type           Power        Failure   Level
 Spider Form              Tmut/Pois      3%           34%         3
 Ice Form                 Ice/Tmut       6%           75%         4
 Blade Hands              Tmut           5%           83%         5


Dungeon Overview and Level Annotations

Branches:
Dungeon (2/15)

Altars:
Kikubaaqudgha

Annotations:
D:2 Sigmund, Terence


Message History

You feel as if something is helping you.
It was a scroll of remove curse.
Something hits you.
An adder comes into view.
Okay, then.
You start removing your amulet.
You continue taking off your amulet of inaccuracy.
Something hits you.
Keep disrobing?
You stop removing your amulet.
Something hits you but does no damage.
Keep disrobing?
You start removing your amulet.
You continue taking off your amulet of inaccuracy.
Terence says, "Don't bother to defend, it's pointless."
You continue taking off your amulet of inaccuracy.
Something hits you.
* * * LOW HITPOINT WARNING * * *
You continue taking off your amulet of inaccuracy.
Something hits you!
You die...

#
..##S####
....@{..#
#@# #.#
#.# #.#
#.# ###.#
##...##
#.....#
#.....#


You could see Terence and an adder.

Vanquished Creatures
  An adder (D:2)
  A dart slug (D:1)
  A leopard gecko (D:2)
  3 bats (D:1)
  A giant cockroach (D:2)
  2 hobgoblins
  5 jackals (D:1)
  4 kobolds
  A ball python (D:2)
  3 goblins
  6 rats
28 creatures vanquished.

Notes
Turn   | Place    | Note
-------+----------+-------------------------------------------
     0 | D:1      | FishyPogo the Merfolk Transmuter began the quest for the
                  | Orb.
     0 | D:1      | Reached XP level 1. HP: 15/15 MP: 3/3
   324 | D:1      | Reached XP level 2. HP: 21/21 MP: 3/5
   355 | D:1      | Learned a level 2 spell: Wereblood
  1069 | D:2      | Found an ancient bone altar of Kikubaaqudgha.
  1077 | D:2      | Reached XP level 3. HP: 27/27 MP: 4/6
  1546 | D:2      | Noticed Sigmund
  1548 | D:2      | Noticed Terence
  1557 | D:2      | Mangled by Sigmund

Illustrated notes

Levels and vault maps discovered:
D:1:      wander_arrival_peaceful_grave, layout_basic, hangedman_glass_teeth,
          minmay_ruptured
D:2:      layout_loops_ring, nicolae_overflow_crystal_walls, minmay_hexomino_f4,
          uniq_sigmund, uniq_crazy_yiuf_cottage, uniq_terence, uniq_robin

Skill      XL: |  1  2  3 |
---------------+----------+-----
Transmutations | 3 |  3.5
Dodging        | 3 |  3.0
Fighting       | 2 |  2.0
Unarmed Combat | |  3.5
Spellcasting   | |  2.5

Action                   || total
-------------------------++-------
Melee: Unarmed           ||    71
       Headbutt          ||    13
       Punch             ||     1
 Cast: Beastly Appendage ||    18
       Wereblood         ||     2
  Use: Scroll            ||     5
 Stab: Sleeping          ||     1
Armor: Robe              ||     8
Dodge: Dodged            ||    60
